 Dungeon Crawl Stone Soup version 0.22.1-2-g9c5b331383 (webtiles) character file.

98 Peloso the Shield-Bearer (level 4, -7/41 HPs)
             Began as a Minotaur Fighter on Dec 22, 2018.
             Mangled by Sigmund
             ... wielding a +0 scythe
              (10 damage)
             ... on level 2 of the Dungeon.
             The game lasted 00:02:05 (1248 turns).

Peloso the Shield-Bearer (Minotaur Fighter)         Turns: 1248, Time: 00:02:06

Health: -7/41      AC:  7    Str: 20    XL:     4   Next: 43%
Magic:  3/3        EV:  8    Int:  5    God:
Gold:   99         SH:  9    Dex: 11    Spells: 3/3 levels left

rFire    . . .     SeeInvis .   a - +0 long sword
rCold    . . .     Gourm    .   c - +0 shield
rNeg     . . .     Faith    .   b - +0 scale mail
rPois    .         Spirit   .   (helmet restricted)
rElec    .         Reflect  .   (no cloak)
rCorr    .         Harm     .   (no gloves)
MR       .....                  (no boots)
Stlth    ..........             (no amulet)
HPRegen  0.13/turn              (no ring)
MPRegen  0.08/turn              (no ring)

@: no status effects
A: retaliatory headbutt, horns 2
a: no special abilities


You were on level 2 of the Dungeon.
You were not hungry.

You visited 1 branch of the dungeon, and saw 2 of its levels.

You collected 99 gold pieces.

Inventory:

Hand Weapons
 a - a +0 long sword (weapon)
Armour
 b - a +0 scale mail (worn)
 c - a +0 shield (worn)
Jewellery
 m - a +4 ring of intelligence {unknown}
Scrolls
 g - a scroll of remove curse {unknown}
 i - 3 scrolls of fear {unknown}
 k - 2 scrolls of identify {unknown}
 l - a scroll of teleportation {unknown}
Potions
 d - a potion of might
 e - a potion of ambrosia {unknown}
 h - 3 potions of curing {unknown}
 j - 2 potions of invisibility {unknown}
 n - a potion of heal wounds {unknown}
Comestibles
 f - 4 rations


   Skills:
 + Level 4.3 Fighting
 + Level 3.3 Long Blades
 + Level 4.2 Armour
 + Level 1.1 Dodging
 + Level 4.6 Shields


You had 3 spell levels left.
You didn't know any spells.
Your spell library was empty.

Dungeon Overview and Level Annotations

Branches:
Dungeon (2/15)

Altars:

Annotations:
D:2 Sigmund


Innate Abilities, Weirdness & Mutations

You reflexively headbutt those who attack you in melee.
You have a pair of horns on your head.


Message History

You barely miss Sigmund.
Sigmund is heavily wounded.
Sigmund hits you with a scythe! You block the hobgoblin's attack.
You slash Sigmund!
Sigmund is severely wounded.
The hobgoblin barely misses you. You furiously retaliate!
You headbutt the hobgoblin!
You kill the hobgoblin!
Sigmund misses you. You furiously retaliate!
You headbutt Sigmund. You hit Sigmund.
Sigmund is almost dead.
Sigmund hits you but does no damage.
You closely miss Sigmund. Your headbutt misses Sigmund.
Sigmund is almost dead.
Sigmund hits you with a scythe!
* * * LOW HITPOINT WARNING * * *
You closely miss Sigmund.
Sigmund is almost dead.
Sigmund hits you with a scythe!
You die...

### . ##.. .. ..
#.. ... ....###
#@####.... ....#..
#@#..g.... ......
#.).# #.#.. ##..##
#.... #...###
#####...
##....######....#..
#..................
#####.###..#....##.
#......#....##.
#.###.......##.


You could see Sigmund.

Vanquished Creatures
  Jessica (D:2)
  2 adders (D:2)
  An ooze (D:2)
  A worm (D:2)
  3 dart slugs (D:2)
  A leopard gecko (D:1)
  2 bats
  5 giant cockroaches
  6 goblins
  5 hobgoblins
  A quokka (D:2)
  2 frilled lizards (D:2)
  6 kobolds
  4 rats
40 creatures vanquished.

Notes
Turn   | Place    | Note
-------+----------+-------------------------------------------
     0 | D:1      | Peloso the Minotaur Fighter began the quest for the Orb.
     0 | D:1      | Reached XP level 1. HP: 19/19 MP: 0/0
   144 | D:1      | Reached XP level 2. HP: 25/27 MP: 1/1
   692 | D:2      | Reached XP level 3. HP: 33/33 MP: 2/2
   727 | D:2      | Noticed Jessica
   738 | D:2      | Killed Jessica
   857 | D:1      | Reached XP level 4. HP: 16/41 MP: 3/3
  1153 | D:2      | Reached skill level 1 in Dodging
  1233 | D:2      | Noticed Sigmund
  1248 | D:2      | Mangled by Sigmund

Skill      XL: |  1  2  3  4 |
---------------+-------------+-----
Fighting       | 4 |  4.3
Shields        | 4 |  4.6
Armour         | 4 |  4.2
Long Blades    | 3 |  3.3
Dodging        | 1 |  1.1

Action                   |  1- 3 |  4- 6 || total
-------------------------+-------+-------++-------
Melee: Long sword        |    64 |    45 ||   109
       Headbutt          |    12 |     6 ||    18
  Eat: Chunk             |       |     1 ||     1
Armor: Scale mail        |    40 |    11 ||    51
Dodge: Dodged            |    21 |    12 ||    33
Block: Shield            |    38 |    18 ||    56
       Rpst.: Long sword |     5 |       ||     5
